 Dungeon Sprint DCSS version 0.17-a0-1920-gafa4d75 (webtiles) character file.

16048 Kidiri the Spry (level 12, 0/51 HPs)
             Began as a Spriggan Enchanter on Sept 27, 2015.
             Was the Champion of Dithmenos.
             Slain by an anaconda (15 damage)
             ... in the Dungeon (Sprint III: "The Ten Rune Challenge").
             The game lasted 00:10:56 (2511 turns).

Kidiri the Spry (Spriggan Enchanter)                Turns: 2511, Time: 00:10:56

Health: 0/51       AC:  7    Str:  4    XL:     12   Next: 6%
Magic:  8/31       EV: 34    Int: 19    God:    Dithmenos [******]
Gold:   52         SH:  0    Dex: 19    Spells: 10 memorised, 6 levels left

rFire  . . .     SeeInvis +     m - +3 short sword
rCold  . . .     Rnd*Rage +     b - +1 robe
rNeg   . . .     SustAt   .     (shield restricted)
rPois  .         Gourm    .     (helmet restricted)
rElec  .         Spirit   .     (no cloak)
rCorr  .         Warding  .     (gloves unavailable)
rMut   .         NoTele   +     (boots unavailable)
MR     ++...                    (no amulet)
Stlth  ++++++++++               (no ring)
                                (no ring)

@: wreathed by umbra, very quick, very resistant to hostile enchantments,
uncannily stealthy
A: unfitting armour, iridescent scales 1, see invisible, berserk 1, herbivore 3,
speed 3, slow metabolism 2
a: Shadow Step, Shadow Form, Renounce Religion


You were in the Dungeon.
You worshipped Dithmenos.
Dithmenos was exalted by your worship.
You were full.

You visited 1 branch You collected 52 gold pieces.

Inventory:

Hand weapons
 a - a +1 dagger
 m - a +3 short sword (weapon)
Armour
 b - a +1 robe (worn)
Magical devices
 t - a wand of invisibility (2)
Scrolls
 l - a scroll of torment
 n - 2 scrolls of remove curse
 q - 2 scrolls of immolation {unknown}
 r - a scroll of enchant weapon
Potions
 c - 2 potions of might
 e - 2 potions of curing
 g - a potion of haste
 h - 2 potions of magic
 i - 2 potions of berserk rage
 o - 2 potions of cure mutation
 p - 4 potions of flight
Books
 s - a book of the Earth

   Spells                             Type                      Level
   a - Leda's Liquefaction            Hexes/Earth                  4
   b - Bolt of Magma                  Conjuration/Fire/Earth       5
   c - Statue Form                    Transmutation/Earth          6
   d - Iron Shot                      Conjuration/Earth            6
   e - Shatter                        Earth                        9
Comestibles
 d - 2 bread rations
 k - 22 royal jellies
 u - 6 fruits


   Skills:
 * Level 13.7 Short Blades
 * Level 17.3 Dodging
 * Level 14.9 Stealth
 * Level 14.8 Spellcasting
 + Level 6.3 Conjurations
 + Level 11.0 Hexes
 + Level 6.5 Transmutations
 + Level 7.1 Ice Magic
 + Level 6.8 Air Magic
 + Level 5.2 Earth Magic
 + Level 7.4 Poison Magic
 - Level 4.6 Invocations


You had 6 spell levels left.
You knew the following spells:

 Your Spells              Type           Power        Failure   Level  Hunger
a - Corona                Hex            ######.      1%          1    None
b - Ensorcelled Hibernat  Hex/Ice        #####.       1%          2    None
c - Confuse               Hex            ######..     1%          3    None
d - Tukima's Dance        Hex            ######..     1%          3    None
e - Dazzling Spray        Conj/Hex       #####...     1%          3    None
f - Cure Poison           Pois           #####.....   1%          2    None
g - Mephitic Cloud        Conj/Pois/Air  #####...     1%          3    None
h - Venom Bolt            Conj/Pois      #####.....   10%         5    ###....
i - Iron Shot             Conj/Erth      #####.....   67%         6    #####..
j - Statue Form           Trmt/Erth      #####....    67%         6    #####..


Dungeon Overview and Level Annotations

Branches:
Dungeon (1/1)

Altars:
Cheibriados
Dithmenos
Elyvilon
Fedhas
Gozag
Kikubaaqudgha
Makhleb
Nemelex Xobeh
Okawaru
Qazlal
Ru
Sif Muna
Trog
Vehumet
Xom
Yredelemnul
Zin
The Shining One
Jiyva
Lugonu


Innate Abilities, Weirdness & Mutations

You are tiny and cannot use many weapons and most armour.
You have supernaturally acute eyesight.
You are a herbivore.
You cover ground extremely quickly.
You need consume almost no food.
You are partially covered in iridescent scales (AC +4).
You tend to lose your temper in combat.


Message History

The anaconda is lightly wounded.
The spray of energy hits the anaconda.
The anaconda is moderately wounded.
The anaconda barely misses you. The anaconda completely misses you.
The adder misses you. The anaconda misses you. The anaconda misses you.
Unknown command.
The adder completely misses you. The anaconda completely misses you.
The anaconda misses you.
Unknown command.
Unknown command.
The anaconda is no longer blind.
Casting: Dazzling Spray
Confirm with . or Enter, or press ? or * to list all spells.
Aiming: Ensorcelled Hibernation
Press: ? - help, Shift-Dir - straight line, f - anaconda
Aim: an anaconda (lightly wounded, umbra, chance to defeat MR: 54%)
The anaconda resists with some effort.
The anaconda closely misses you. The anaconda misses you.
The anaconda completely misses you. The anaconda bites you!
You die...

%..##.##.#≈≈≈≈≈...#
♣.##%##.##'≈≈≈≈≈####+#
♣..#.##...#≈≈....§§§§#
♣♣.##.##.)#≈..+#######
♣♣.##.#####...#....))#
♣.....##......#♣♣♣._)#
########'#############
#.......%...##
#....%...@S..#
###########..#
##...........#
#...S.......##
#S.##########
#...S.S.....##
##...†.......#
##########..# ..#


You could see an anaconda.

Vanquished Creatures
  Maud (D)
  Snorg (D)
  7 anacondas (D)
  2 hydras (D)
  A centaur warrior (D)
  A death drake (D)
  An unseen horror (D)
  A spriggan druid (D)
  A lindwurm (D)
  A black mamba (D)
  A komodo dragon (D)
  2 spiny frogs (D)
  A deep elf priest (D)
  3 wandering mushrooms (D)
  A queen bee (D)
  2 spriggans (D)
  A shadow (D)
  3 redbacks (D)
  A spatial vortex (D)
  2 water moccasins (D)
  A necrophage (D)
  2 centaurs (D)
  An earth elemental (D)
  2 brain worms (D)
  A water elemental (D)
  32 killer bees (D)
  A scorpion (D)
  An electric eel (D)
  A jelly (D)
  Jessica (D)
  A necromancer (D)
  A wizard (D)
  A kobold demonologist (D)
  3 humans (D)
  An ooze (D)
  2 rats (D)
86 creatures vanquished.

Vanquished Creatures (others)
  2 draconian scorchers (D)
  2 yaktaurs (D)
4 creatures vanquished.

Grand Total: 90 creatures vanquished

Notes
Turn   | Place    | Note
--------------------------------------------------------------
     0 | D        | Kidiri the Spriggan Enchanter began the quest for the Orb.
     0 | D        | Reached XP level 1. HP: 9/9 MP: 5/5
    40 | D        | Noticed Jessica
    44 | D        | Killed Jessica
    44 | D        | Reached skill level 5 in Dodging
    44 | D        | Reached skill level 5 in Stealth
    44 | D        | Reached XP level 2. HP: 13/13 MP: 6/8
    44 | D        | Reached XP level 3. HP: 16/16 MP: 6/9
    57 | D        | Killed a yaktaur
    75 | D        | Learned a level 2 spell: Ensorcelled Hibernation
    79 | D        | Learned a level 3 spell: Confuse
    79 | D        | Killed a yaktaur
    83 | D        | Learned a level 3 spell: Tukima's Dance
    87 | D        | Noticed a scorpion
    90 | D        | Killed a scorpion
    90 | D        | Reached skill level 6 in Dodging
    90 | D        | Reached skill level 5 in Spellcasting
    90 | D        | Reached skill level 5 in Hexes
    90 | D        | Reached skill level 1 in Ice Magic
    90 | D        | Reached XP level 4. HP: 21/21 MP: 10/12
   104 | D        | Learned a level 3 spell: Dazzling Spray
   115 | D        | Gained mutation: You are weak. (Str -2) [potion of mutation]
   115 | D        | Gained mutation: You have sharp toenails. [potion of mutation]
   115 | D        | Gained mutation: Your spells are a little easier to cast, but a little less powerful. [potion of mutation]
   116 | D        | Lost mutation: You are weak. (Str -2) [potion of cure mutation]
   116 | D        | Lost mutation: You have sharp toenails. [potion of cure mutation]
   116 | D        | Lost mutation: Your spells are a little easier to cast, but a little less powerful. [potion of cure mutation]
   117 | D        | Gained mutation: You are partially covered in iridescent scales (AC +4). [potion of mutation]
   117 | D        | Gained mutation: You tend to lose your temper in combat. [potion of mutation]
   127 | D        | Noticed a water elemental
   130 | D        | Killed a water elemental
   130 | D        | Reached skill level 5 in Short Blades
   130 | D        | Reached skill level 7 in Dodging
   130 | D        | Reached XP level 5. HP: 24/24 MP: 12/14
   148 | D        | Noticed a jelly
   149 | D        | Noticed a shadow
   151 | D        | Killed a shadow
   151 | D        | Reached skill level 9 in Dodging
   151 | D        | Reached skill level 1 in Conjurations
   151 | D        | Reached XP level 6. HP: 28/28 MP: 14/17
   155 | D        | Killed a jelly
   160 | D        | Found a stormy altar of Qazlal.
   161 | D        | Found a sacrificial altar of Ru.
   161 | D        | Found a burning altar of Makhleb.
   161 | D        | Found a viscous altar of Jiyva.
   161 | D        | Found a shimmering altar of Xom.
   161 | D        | Found a shadowy altar of Dithmenos.
   161 | D        | Found a sparkling altar of Nemelex Xobeh.
   161 | D        | Found a corrupted altar of Lugonu.
   161 | D        | Found an opulent altar of Gozag.
   161 | D        | Noticed a spatial vortex
   178 | D        | Killed a spatial vortex
   178 | D        | Reached skill level 10 in Dodging
   179 | D        | Became a worshipper of Dithmenos the Shadowed
   250 | D        | Killed a white draconian scorcher
   261 | D        | Killed a white draconian scorcher
   292 | D        | Found a radiant altar of Vehumet.
   293 | D        | Found a deep blue altar of Sif Muna.
   293 | D        | Found an ancient bone altar of Kikubaaqudgha.
   293 | D        | Noticed a wizard
   294 | D        | Killed a wizard
   313 | D        | Learned a level 2 spell: Cure Poison
   317 | D        | Learned a level 3 spell: Mephitic Cloud
   323 | D        | Learned a level 5 spell: Venom Bolt
   338 | D        | Found a glowing silver altar of Zin.
   339 | D        | Found a glowing golden altar of the Shining One.
   339 | D        | Found a white marble altar of Elyvilon.
   339 | D        | Noticed a deep elf priest
   344 | D        | Killed a deep elf priest
   344 | D        | Reached skill level 1 in Air Magic
   344 | D        | Reached skill level 1 in Poison Magic
   344 | D        | Reached skill level 1 in Invocations
   344 | D        | Reached XP level 7. HP: 29/32 MP: 13/20
   388 | D        | Found an iron altar of Okawaru.
   389 | D        | Found a bloodstained altar of Trog.
   389 | D        | Noticed a human
   389 | D        | Noticed a human
   391 | D        | Killed a human
   391 | D        | Reached skill level 11 in Dodging
   392 | D        | Killed a human
   413 | D        | Found a snail-covered altar of Cheibriados.
   413 | D        | Noticed a necrophage
   414 | D        | Found a basalt altar of Yredelemnul.
   414 | D        | Found a blossoming altar of Fedhas.
   414 | D        | Noticed a necromancer
   415 | D        | Killed a necrophage
   415 | D        | Acquired Dithmenos's first power
   415 | D        | Reached XP level 8. HP: 36/36 MP: 22/22
   416 | D        | Killed a necromancer
   438 | D        | Noticed Snorg
   476 | D        | Killed Snorg
   476 | D        | Reached skill level 12 in Dodging
   476 | D        | Reached skill level 10 in Stealth
   476 | D        | Reached skill level 10 in Spellcasting
   507 | D        | Learned a level 6 spell: Iron Shot
   697 | D        | Noticed an earth elemental
   700 | D        | Killed an earth elemental
   700 | D        | Reached XP level 9. HP: 39/39 MP: 24/24
   705 | D        | Noticed a centaur
   705 | D        | Noticed a centaur warrior
   705 | D        | Noticed a centaur
   707 | D        | Killed a centaur
   710 | D        | Killed a centaur
   717 | D        | Killed a centaur warrior
   717 | D        | Acquired Dithmenos's second power
   717 | D        | Reached skill level 10 in Short Blades
   717 | D        | Reached skill level 13 in Dodging
   717 | D        | Reached skill level 5 in Ice Magic
   889 | D        | Noticed an unseen horror
   891 | D        | Killed an unseen horror
   903 | D        | Noticed a killer bee
   903 | D        | Noticed a killer bee
   903 | D        | Noticed a killer bee
   903 | D        | Noticed a killer bee
   903 | D        | Noticed a killer bee
   903 | D        | Noticed a killer bee
   903 | D        | Noticed a killer bee
   903 | D        | Noticed a killer bee
   903 | D        | Noticed a killer bee
   903 | D        | Noticed a killer bee
   903 | D        | Noticed a killer bee
   903 | D        | Noticed a killer bee
   903 | D        | Noticed a killer bee
   903 | D        | Noticed a killer bee
   903 | D        | Noticed a killer bee
   904 | D        | Noticed a killer bee
   904 | D        | Noticed a killer bee
   904 | D        | Noticed a killer bee
   904 | D        | Noticed a killer bee
   904 | D        | Noticed a killer bee
   904 | D        | Noticed a killer bee
   904 | D        | Noticed a killer bee
   904 | D        | Noticed a killer bee
   904 | D        | Noticed a killer bee
   904 | D        | Noticed a killer bee
   904 | D        | Noticed a killer bee
   904 | D        | Noticed a killer bee
   904 | D        | Noticed a killer bee
   904 | D        | Noticed a killer bee
   904 | D        | Noticed a killer bee
   904 | D        | Noticed a queen bee
   904 | D        | Noticed a killer bee
   904 | D        | Noticed a killer bee
   905 | D        | Killed a killer bee
   910 | D        | Killed a killer bee
   916 | D        | Killed a killer bee
   918 | D        | Killed a killer bee
   918 | D        | Acquired Dithmenos's third power
   924 | D        | Killed a killer bee
   928 | D        | Killed a killer bee
  1056 | D        | Killed a killer bee
  1058 | D        | Killed a killer bee
  1060 | D        | Killed a killer bee
  1062 | D        | Killed a killer bee
  1062 | D        | Acquired Dithmenos's fourth power
  1062 | D        | Reached skill level 14 in Dodging
  1064 | D        | Killed a killer bee
  1066 | D        | Killed a killer bee
  1068 | D        | Killed a killer bee
  1068 | D        | Reached XP level 10. HP: 44/44 MP: 14/27
  1070 | D        | Killed a killer bee
  1072 | D        | Killed a killer bee
  1076 | D        | Killed a killer bee
  1076 | D        | Reached skill level 1 in Earth Magic
  1078 | D        | Killed a killer bee
  1080 | D        | Killed a killer bee
  1082 | D        | Killed a killer bee
  1086 | D        | Killed a killer bee
  1230 | D        | Killed a killer bee
  1235 | D        | Killed a killer bee
  1237 | D        | Killed a killer bee
  1239 | D        | Killed a killer bee
  1241 | D        | Killed a killer bee
  1243 | D        | Killed a killer bee
  1245 | D        | Killed a killer bee
  1383 | D        | Killed a killer bee
  1383 | D        | Reached skill level 5 in Poison Magic
  1386 | D        | Killed a killer bee
  1386 | D        | Killed a killer bee
  1388 | D        | Killed a killer bee
  1389 | D        | Killed a queen bee
  1392 | D        | Killed a killer bee
  1521 | D        | Learned a level 6 spell: Statue Form
  1522 | D        | Noticed a wandering mushroom
  1523 | D        | Noticed a wandering mushroom
  1523 | D        | Noticed a wandering mushroom
  1524 | D        | Killed a wandering mushroom
  1525 | D        | Killed a wandering mushroom
  1525 | D        | Reached skill level 1 in Transmutations
  1525 | D        | Reached skill level 5 in Air Magic
  1527 | D        | Killed a wandering mushroom
  1527 | D        | Reached skill level 5 in Conjurations
  1580 | D        | Noticed a spiny frog
  1580 | D        | Noticed a komodo dragon
  1580 | D        | Noticed a spiny frog
  1608 | D        | Killed a spiny frog
  1608 | D        | Reached skill level 15 in Dodging
  1613 | D        | Killed a spiny frog
  1627 | D        | Killed a komodo dragon
  1792 | D        | Noticed a redback
  1794 | D        | Killed a redback
  1795 | D        | Noticed a brain worm
  1798 | D        | Killed a brain worm
  1806 | D        | Noticed a brain worm
  1808 | D        | Killed a brain worm
  1811 | D        | Noticed a lindwurm
  1813 | D        | Noticed a redback
  1814 | D        | Killed a lindwurm
  1817 | D        | Killed a redback
  1821 | D        | Noticed a redback
  1822 | D        | Killed a redback
  1823 | D        | Noticed Maud
  1830 | D        | Killed Maud
  1830 | D        | Reached skill level 10 in Hexes
  1830 | D        | Reached XP level 11. HP: 47/47 MP: 23/29
  1876 | D        | Noticed an electric eel
  1877 | D        | Noticed a seven-headed hydra
  1877 | D        | Noticed an eight-headed hydra
  1878 | D        | Killed an electric eel
  1880 | D        | Killed a seven-headed hydra
  1880 | D        | Reached skill level 16 in Dodging
  1881 | D        | Killed an eight-headed hydra
  1919 | D        | Noticed a death drake
  2318 | D        | Killed a death drake
  2385 | D        | Found a blossoming altar of Fedhas.
  2385 | D        | Noticed a spriggan
  2385 | D        | Noticed a spriggan druid
  2385 | D        | Noticed a spriggan
  2387 | D        | Killed a spriggan druid
  2388 | D        | Killed a spriggan
  2389 | D        | Killed a spriggan
  2412 | D        | Noticed a water moccasin
  2412 | D        | Noticed an anaconda
  2413 | D        | Noticed a black mamba
  2414 | D        | Killed an anaconda
  2414 | D        | Reached skill level 5 in Transmutations
  2416 | D        | Killed a water moccasin
  2418 | D        | Killed a black mamba
  2463 | D        | Noticed an anaconda
  2463 | D        | Noticed an anaconda
  2463 | D        | Noticed an anaconda
  2463 | D        | Noticed an anaconda
  2465 | D        | Killed an anaconda
  2467 | D        | Killed an anaconda
  2469 | D        | Killed an anaconda
  2470 | D        | Killed an anaconda
  2470 | D        | Reached skill level 17 in Dodging
  2475 | D        | Noticed a water moccasin
  2476 | D        | Noticed an anaconda
  2476 | D        | Noticed an anaconda
  2476 | D        | Noticed an anaconda
  2477 | D        | Killed a water moccasin
  2477 | D        | Reached skill level 5 in Earth Magic
  2478 | D        | Noticed an anaconda
  2479 | D        | Killed an anaconda
  2479 | D        | Reached XP level 12. HP: 50/50 MP: 20/31
  2480 | D        | Killed an anaconda
  2511 | D        | Slain by an anaconda

Vault maps used:
D:        dungeon_sprint_mu

Action                   |  1- 3 |  4- 6 |  7- 9 | 10-12 || total
-------------------------+-------+-------+-------+-------++-------
Melee: Dagger            |     5 |    17 |     2 |       ||    24
       Short sword       |       |       |    41 |    86 ||   127
 Cast: Dazzling Spray    |       |     5 |     3 |    21 ||    29
       Ensorcelled Hiber |       |     1 |    18 |    29 ||    48
       Confuse           |       |       |     2 |     4 ||     6
       Cure Poison       |       |       |       |     3 ||     3
Invok: Shadow Step       |       |       |       |    11 ||    11
  Use: Potion            |       |     3 |       |     1 ||     4
       Scroll            |       |     2 |       |     1 ||     3
 Stab: Sleeping          |     4 |     6 |    19 |    40 ||    69
       Invisible         |       |     1 |     1 |     2 ||     4
       Confused          |       |       |     2 |     2 ||     4
  Eat: Bread ration      |       |       |       |     1 ||     1
